 Dungeon Sprint DCSS version 0.20.1-1-g8b1a95d (webtiles) character file.

14295 JustSomeDude the Ninja (level 11, -29/82 HPs)
             Began as a Vampire Assassin on Aug 26, 2017.
             Was the Champion of Dithmenos.
             Killed from afar by a fire giant (38 damage)
             ... with a bolt of fire
             ... in the Dungeon (Sprint I: "Red Sonja").
             The game lasted 00:19:54 (2804 turns).

JustSomeDude the Ninja (Vampire Assassin)           Turns: 2804, Time: 00:19:55

Health: -29/82     AC:  0    Str:  7 (8)  XL:     11   Next: 86%
Magic:  13/15      EV: 34    Int: 18 (19) God:    Dithmenos [******]
Gold:   1101       SH:  0    Dex: 21 (22) Spells: 10/10 levels left

rFire    . . .     SeeInvis +   (weapon currently unavailable)
rCold    . . .     Gourm    .   (shield currently unavailable)
rNeg     + . .     Faith    .   (armour currently unavailable)
rPois    .         Spirit   .   (helmet currently unavailable)
rElec    .         Reflect  .   (cloak currently unavailable)
rCorr    .         Harm     .   (gloves currently unavailable)
MR       +....     NoTele   +   (boots currently unavailable)
Stlth    ++++++++++             (no amulet)
Regen    0.3/turn               (ring currently unavailable)
MPRegen  0.2/turn               (ring currently unavailable)

@: brilliant, bat-form, flying, wreathed by umbra, very quick
A: fangs 3, see invisible, clumsy 1, frail 1, weak 1, subdued magic 1,
MP-powered wands
a: End Transformation, Shadow Step, Shadow Form, Renounce Religion


You were in the Dungeon.
You worshipped Dithmenos.
Dithmenos was exalted by your worship.
You were not thirsty.
You were in vampire-bat-form.
You visited 1 branch You collected 2253 gold pieces.
You spent 1152 gold pieces at shops.

Inventory:

Hand Weapons
 a - a +2 dagger
 b - a +0 blowgun
 i - a +1 short sword of distortion (melded)
 n - a +2 dagger of draining
 q - the +5 flail of Crawling {drain, rC+ rN+, unknown}
   (You found it in the Dungeon)

   A truly terrible weapon, it drains the life of those it strikes.
   It protects you from cold.
   It protects you from negative energy.
 t - a +2 short sword of draining
Missiles
 e - 8 poisoned needles
 f - 7 curare-tipped needles
Armour
 d - a +0 cloak
 l - the +3 ring mail "Roeqoroi" (melded) {rElec Dex+9}
   (You bought it in a shop in the Dungeon)

   It affects your dexterity (+9).
   It insulates you from electricity.
 p - a scarf of resistance (melded)
Jewellery
 m - a ring of poison resistance (melded)
Wands
 j - a wand of polymorph (12/24)
 o - a wand of paralysis (12/24)
Potions
 g - 7 potions of blood
 h - 2 potions of curing
 k - 2 potions of magic
 r - a potion of invisibility


   Skills:
 + Level 10.3 Fighting
 + Level 13.4 Short Blades
 + Level 4.0 Throwing
 + Level 6.5 Armour
 + Level 12.6 Dodging
 O Level 27 Stealth
 * Level 5.4 Invocations


You had 10 spell levels left.
You didn't know any spells.

Dungeon Overview and Level Annotations

Branches:
Dungeon (1/1)

Altars:
Cheibriados
Dithmenos
Elyvilon
Fedhas
Gozag
Hepliaklqana
Kikubaaqudgha
Makhleb
Nemelex Xobeh
Okawaru
Qazlal
Ru
Sif Muna
Trog
Uskayaw
Vehumet
Xom
Yredelemnul
Zin
The Shining One
Jiyva
Lugonu

Shops:
D ![((%[(}[}(%}(?*%[[[!


Innate Abilities, Weirdness & Mutations

You have razor-sharp teeth.
You have supernaturally acute eyesight. (SInv)
((You can survive without breathing.))
((You have sharp toenails.))
You are clumsy. (Dex -2)
You are frail. (-10% HP)
You are weak. (Str -2)
Your spells are a little easier to cast, but a little less powerful.
You expend magic power (3 MP) to strengthen your wands.


Message History

The fire giant casts a spell at you.
The fireball explodes!
The fireball engulfs you! You resist.
You emit a cloud of dark smoke.
The fire giant points at you and mumbles some strange words.
The fireball explodes!
The fireball engulfs you! You resist.
* * * LOW HITPOINT WARNING * * *
You emit a cloud of dark smoke.
Yummy - fresh blood!
You are feeling very thirsty.
There is an open door here.
Yummy - fresh blood!
You turn into a vampire bat.
Your +1 short sword of distortion melds into your body.
Your scarf of resistance melds into your body.
The +3 ring mail "Roeqoroi" {rElec Dex+9} melds into your body.
Your ring of poison resistance melds into your body.
You feel hot and cold all over. The fire giant completely misses you.
The fire giant casts a spell at you. The bolt of fire hits you!
You die...

#.....'..$$$##.#A#.#,.≈,,#§#***+*
###^§§#....2#..###.#,m≈e*#+#,,,,*
§.#.§.#*#++##.##...#,.≈#*,,,,,,,,
#§#§§##*,,**#..#+###,,≈*,,,,,,,,,
#.#.^#***,,*##...#,≈,,**,,,,,,,,,
#.##'#,,*,,*,###.#,≈,,*,,,,,,,,,,
#§##(#,,,,,,,,,#§#**,,*,,,,,,,,,,
'§####,,,,,,,,,#§#,+,,**,,,,,,,,,
#.#,,+,,,,,,####b#,**'**,,,,,,,,,
#§#****,,,###§§CC#,*≈≈≈**,,,,,,,,
§§#,![#####C§§####,*≈≈≈≈**,,,,,,*
###,........###,,,,*≈≈≈≈≈********
*,,,C...#####,,,,****≈≈≈≈*≈≈≈≈≈*,
*,,,C.,**,,,,,,,,*,,*'≈≈≈'≈≈,≈≈',
*,,,,,**,,,,,,,,,*,,,**≈≈*≈≈≈≈≈*≈
*,,,,,*,,,,,,,,,,*,,,,******'****
***********,,,,,,*,,,,*≈≈≈≈≈≈≈≈≈≈


You could see 2 fire giants.

Vanquished Creatures
  A hydra (D)
  2 centaur warriors (D)
  Sonja (D)
  5 unseen horrors (D)
  A deep troll (D)
  A lindwurm (D)
  8 shining eyes (D)
  An oklob plant (D)
  2 kobold demonologists (D)
  A hornet (D)
  A slime creature (D)
  Sigmund (D)
  2 redbacks (D)
  A yak (D)
  7 hogs (D)
  7 floating eyes (D)
  7 necrophages (D)
  An ogre (D)
  6 jellies (D)
  Ijyb (D)
  3 ballistomycetes (D)
  A ballistomycete spore (D)
61 creatures vanquished.

Vanquished Creatures (others)
  2 unseen horrors (D)
  A gargoyle (D)
  2 demonic crawlers (D)
  5 hogs (D)
  2 jellies (D)
  A ballistomycete spore (D)
13 creatures vanquished.

Grand Total: 74 creatures vanquished

Notes
Turn   | Place    | Note
-------+----------+-------------------------------------------
     0 | D        | JustSomeDude the Vampire Assassin began the quest for the Orb.
     0 | D        | Reached XP level 1. HP: 16/16 MP: 1/1
     1 | D        | Noticed Ijyb
     4 | D        | Killed Ijyb
     4 | D        | Reached skill level 9 in Stealth
     4 | D        | Reached XP level 2. HP: 22/22 MP: 2/2
     8 | D        | Noticed an ogre
    11 | D        | Killed an ogre
    11 | D        | Reached skill level 13 in Stealth
    11 | D        | Reached XP level 3. HP: 29/29 MP: 3/3
    11 | D        | Reached XP level 4. HP: 35/35 MP: 4/4
    20 | D        | Noticed Sigmund
    23 | D        | Killed Sigmund
    23 | D        | Reached skill level 16 in Stealth
    23 | D        | Reached XP level 5. HP: 41/41 MP: 5/5
    34 | D        | Found a deep blue altar of Sif Muna.
    36 | D        | Found a radiant altar of Vehumet.
    40 | D        | Reached XP level 6. HP: 48/48 MP: 6/6
    43 | D        | Found Gipra's Antique Weapon Emporium.
    43 | D        | Found an ancient bone altar of Kikubaaqudgha.
    43 | D        | Found a hazy altar of Hepliaklqana.
    43 | D        | Found a stormy altar of Qazlal.
    43 | D        | Found a hide-covered altar of Uskayaw.
    43 | D        | Found a blossoming altar of Fedhas.
    43 | D        | Found a bloodstained altar of Trog.
    43 | D        | Found an iron altar of Okawaru.
    43 | D        | Found a basalt altar of Yredelemnul.
    43 | D        | Found a glowing golden altar of the Shining One.
    43 | D        | Found a snail-covered altar of Cheibriados.
    43 | D        | Found a sacrificial altar of Ru.
    43 | D        | Found a glowing silver altar of Zin.
    43 | D        | Found a shadowy altar of Dithmenos.
    43 | D        | Found a white marble altar of Elyvilon.
    43 | D        | Noticed a yak
    44 | D        | Found an opulent altar of Gozag.
    45 | D        | Killed a yak
    45 | D        | Reached skill level 5 in Short Blades
    45 | D        | Reached skill level 18 in Stealth
    46 | D        | Found a sparkling altar of Nemelex Xobeh.
    53 | D        | Became a worshipper of Dithmenos the Shadowed
    87 | D        | Bought a glowing dagger for 130 gold pieces
   114 | D        | Found a burning altar of Makhleb.
   114 | D        | Found a viscous altar of Jiyva.
   114 | D        | Found a shimmering altar of Xom.
   114 | D        | Found a corrupted altar of Lugonu.
   114 | D        | Noticed a slime creature
   117 | D        | Killed a slime creature
   117 | D        | Reached skill level 19 in Stealth
   117 | D        | Reached XP level 7. HP: 54/54 MP: 7/7
   129 | D        | Noticed a kobold demonologist
   130 | D        | Noticed a kobold demonologist
   132 | D        | Noticed a rust devil
   134 | D        | Paralysed by a floating eye for 3 turns
   144 | D        | Paralysed by a floating eye for 2 turns
   157 | D        | Noticed a ynoxinul
   158 | D        | Noticed a rust devil
   158 | D        | Paralysed by a floating eye for 3 turns
   174 | D        | Noticed a ynoxinul
   176 | D        | Paralysed by a floating eye for 4 turns
   187 | D        | Noticed a ynoxinul
   192 | D        | Paralysed by a floating eye for 4 turns
   206 | D        | Paralysed by a floating eye for 2 turns
   210 | D        | Noticed a hellwing
   210 | D        | Killed a kobold demonologist
   210 | D        | Reached skill level 5 in Fighting
   213 | D        | Reached * piety under Dithmenos
   213 | D        | Reached skill level 5 in Dodging
   213 | D        | Reached skill level 20 in Stealth
   221 | D        | Noticed an ice devil
   221 | D        | Killed a kobold demonologist
   221 | D        | Reached XP level 8. HP: 57/63 MP: 8/8
   376 | D        | Noticed a demonic crawler
   376 | D        | Noticed a demonic crawler
   376 | D        | Noticed a demonic crawler
   376 | D        | Noticed a demonic crawler
   537 | D        | Noticed Sonja
   541 | D        | Killed Sonja
   541 | D        | Reached skill level 21 in Stealth
   557 | D        | Noticed a deep troll
   561 | D        | Killed a deep troll
   561 | D        | Reached ** piety under Dithmenos
   561 | D        | Reached XP level 9. HP: 71/71 MP: 9/9
   578 | D        | Found Weho's Armour Emporium.
   837 | D        | Bought the +3 ring mail "Roeqoroi" {rElec Dex+9} for 674 gold pieces
   896 | D        | Banished a demonic crawler
   966 | D        | Killed a gargoyle
   982 | D        | Banished a demonic crawler
   982 | D        | Reached skill level 1 in Armour
   982 | D        | Reached skill level 10 in Dodging
  1274 | D        | Noticed a gargoyle
  1409 | D        | Noticed a meliai
  1409 | D        | Noticed a lorocyproca
  1439 | D        | Noticed a centaur warrior
  1439 | D        | Noticed a centaur warrior
  1443 | D        | Killed a centaur warrior
  1445 | D        | Killed a centaur warrior
  1445 | D        | Reached skill level 10 in Short Blades
  1445 | D        | Reached skill level 22 in Stealth
  1445 | D        | Reached XP level 10. HP: 80/80 MP: 10/10
  1470 | D        | Noticed an oklob plant
  1472 | D        | Killed an oklob plant
  1472 | D        | Reached *** piety under Dithmenos
  1914 | D        | Noticed an unseen horror
  1915 | D        | Noticed an unseen horror
  1967 | D        | Reached **** piety under Dithmenos
  1969 | D        | Killed an unseen horror
  1974 | D        | Killed an unseen horror
  2005 | D        | Reached ***** piety under Dithmenos
  2014 | D        | Reached skill level 5 in Armour
  2014 | D        | Reached skill level 23 in Stealth
  2040 | D        | Got a smoking flail
  2085 | D        | Found Zuporphe's Distillery.
  2093 | D        | Bought a potion of agility for 44 gold pieces
  2097 | D        | Noticed a shining eye
  2097 | D        | Noticed a shining eye
  2097 | D        | Noticed a shining eye
  2097 | D        | Noticed a shining eye
  2097 | D        | Noticed a shining eye
  2097 | D        | Noticed a shining eye
  2100 | D        | Noticed a shining eye
  2100 | D        | Noticed a shining eye
  2101 | D        | Killed a shining eye
  2104 | D        | Killed a shining eye
  2106 | D        | Reached skill level 24 in Stealth
  2107 | D        | Gained mutation: You are weak. (Str -2) [a shining eye]
  2108 | D        | Killed a shining eye
  2108 | D        | Reached ****** piety under Dithmenos
  2111 | D        | Killed a shining eye
  2113 | D        | Found Juotesos's Food Shop.
  2113 | D        | Found Anler's Armour Boutique.
  2114 | D        | Found Nogov's Antique Armour Shoppe.
  2114 | D        | Found Nije's Antique Weapon Emporium.
  2115 | D        | Gained mutation: You are frail. (-10% HP) [a shining eye]
  2128 | D        | Bought a glowing scarf for 208 gold pieces
  2151 | D        | Gained mutation: You have sharp toenails. [a shining eye]
  2155 | D        | Gained mutation: Your spells are a little easier to cast, but a little less powerful. [a shining eye]
  2157 | D        | Paralysed by a floating eye for 4 turns
  2158 | D        | Gained mutation: You expend magic power (3 MP) to strengthen your wands. [a shining eye]
  2165 | D        | Gained mutation: You are clumsy. (Dex -2) [a shining eye]
  2167 | D        | Killed a shining eye
  2167 | D        | Reached skill level 25 in Stealth
  2167 | D        | Reached XP level 11. HP: 80/80 MP: 11/11
  2170 | D        | Killed a shining eye
  2172 | D        | Killed a shining eye
  2175 | D        | Killed a shining eye
  2253 | D        | Noticed a lindwurm
  2255 | D        | Killed a lindwurm
  2255 | D        | Reached skill level 26 in Stealth
  2309 | D        | Found Ronn's Antique Armour Boutique.
  2309 | D        | Found Hutiaf's Distillery.
  2309 | D        | Found Pomu's Antique Armour Emporium.
  2311 | D        | Found Toecrath's Food Boutique.
  2311 | D        | Found Kunueqar's General Store.
  2311 | D        | Found Jigok's Magic Scroll Shop.
  2311 | D        | Found Alycla Lokk's Weapon Emporium.
  2311 | D        | Found Meant's Gadget Boutique.
  2311 | D        | Found Nilaicem's Food Shoppe.
  2311 | D        | Found Gunenoat's Antique Weapon Shop.
  2313 | D        | Bought a potion of invisibility for 96 gold pieces
  2315 | D        | Found Abaj's Gadget Emporium.
  2316 | D        | Found Zeodus's Armour Boutique.
  2316 | D        | Found Faweiban's Gadget Shoppe.
  2317 | D        | Found Pixodghea's Weapon Shop.
  2401 | D        | Reached skill level 1 in Invocations
  2522 | D        | Noticed a 12-headed hydra
  2524 | D        | Killed a 12-headed hydra
  2524 | D        | Reached skill level 27 in Stealth
  2549 | D        | Noticed a deep elf annihilator
  2733 | D        | Noticed a daeva
  2736 | D        | Noticed an unseen horror
  2736 | D        | Noticed an unseen horror
  2736 | D        | Noticed an unseen horror
  2737 | D        | Noticed an unseen horror
  2739 | D        | Killed an unseen horror
  2740 | D        | Noticed an unseen horror
  2741 | D        | Killed an unseen horror
  2741 | D        | Reached skill level 10 in Fighting
  2742 | D        | Killed an unseen horror
  2744 | D        | Killed an unseen horror
  2744 | D        | Reached skill level 5 in Invocations
  2746 | D        | Killed an unseen horror
  2788 | D        | Noticed a fire giant
  2791 | D        | Noticed a fire giant
  2792 | D        | Noticed a fire giant
  2793 | D        | Noticed a fire giant
  2804 | D        | Killed from afar by a fire giant

Skill      XL: |  1  2  3  4  5  6  7  8  9 10 11 |
---------------+----------------------------------+-----
Fighting       | 2 3 4 5 6 8 9 10 | 10.3
Throwing       | 2 3 4 |  4.0
Stealth        | 9 13 16 19 20 21 22 25 27 | 27.0
Short Blades   | 3 4 6 7 9 10 11 13 | 13.4
Dodging        | 2 6 9 11 12 | 12.6
Armour         | 3 6 |  6.5
Invocations    | 5 |  5.4

Action                   |  1- 3 |  4- 6 |  7- 9 | 10-12 || total
-------------------------+-------+-------+-------+-------++-------
Melee: Dagger            |     2 |     4 |    59 |       ||    65
       Bite              |     1 |       |    14 |    11 ||    26
       Short sword       |       |       |    47 |   122 ||   169
       Kick              |       |       |       |    26 ||    26
 Abil: Bat Form          |       |       |       |     1 ||     1
  Use: Potion            |       |       |     6 |     6 ||    12
       Scroll            |       |       |     2 |     1 ||     3
 Stab: Sleeping          |     2 |     4 |     4 |    29 ||    39
       Distracted        |       |       |     1 |     2 ||     3
Armor: Robe              |       |       |    43 |       ||    43
       Ring mail         |       |       |     9 |     8 ||    17
Dodge: Dodged            |       |       |   111 |    76 ||   187
